Map: Lightshade LE

Players

PiLiPiLi

  • Race: Protoss Protoss
  • League: Grandmaster

TriGGeR - Winner!

  • Race: Protoss Protoss
  • League: Grandmaster

Event: DreamHack SC2 Masters 2021 Summer

VOD

Have the link to the VOD?

Description

Time

  • Played on: June 3, 2021, 5:21 p.m.
  • Length: 9:01

All games in this series

Show
View Real Time Build Order
Export as new Build Order

PiLiPiLi Protoss 

Build Orders:  

Get SALT Encoding   

  12  0:00  Probe  
  13  0:12  Probe  
  14  0:17  Pylon  
  14  0:24  Probe (Chrono Boost)  
  15  0:36  Probe (Chrono Boost)  
  15  0:37  Gateway  
  16  0:45  Probe (Chrono Boost)  
  16  0:46  Assimilator  
  17  0:51  Probe  
  17  0:55  Assimilator  
  18  1:03  Probe (Chrono Boost)  
  19  1:10  Gateway  
  19  1:15  Probe (Chrono Boost)  
  20  1:21  Probe (Chrono Boost)  
  20  1:24  Cybernetics Core  
  21  1:29  Probe  
  22  1:37  Pylon  
  22  1:45  Pylon  
  22  1:46  Probe  
  24  2:03  Stalker x2  
  24  2:08  Warp Gate (Chrono Boost)  
  28  2:20  Pylon  
  27  2:31  Robotics Facility  
  26  2:40  Stalker  
  26  2:42  Stalker  
  30  2:55  Gateway  
  30  3:01  Gateway  
  30  3:13  Stalker  
  30  3:19  Warp Prism (Chrono Boost)  
  34  3:27  Pylon  
  34  3:49  Observer, Pylon  
  34  3:51  Stalker x2  
  39  4:24  Adept  
  39  4:25  Adept x3  
  47  4:40  Warp Prism  
  35  4:56  Stalker x2  
  35  5:09  Stalker x2  
  38  5:27  Stalker x2  
  40  5:47  Stalker x2  
  34  5:58  Stalker x2  
  38  6:17  Sentry  
  38  6:18  Zealot, Sentry  
  42  6:40  Zealot x3  
  42  6:41  Zealot  
  48  7:00  Adept x2  
  48  7:01  Stalker  
  52  7:05  Sentry  
  52  7:26  Stalker x2  
  46  7:38  Stalker x2  
  36  8:03  Adept x4  
  40  8:12  Immortal (Chrono Boost)  
  44  8:47  Sentry  
  44  8:48  Stalker x3  
Show
View Real Time Build Order
Export as new Build Order

TriGGeR Protoss - Winner!

Build Orders: Phoenix Opening 

Get SALT Encoding   

  12  0:00  Probe  
  13  0:12  Probe  
  14  0:20  Pylon  
  14  0:24  Probe  
  15  0:38  Probe (Chrono Boost)  
  16  0:43  Gateway  
  16  0:47  Probe (Chrono Boost), Assimilator  
  17  0:52  Probe  
  18  1:04  Probe  
  19  1:16  Probe, Pylon  
  20  1:28  Probe  
  20  1:30  Zealot, Cybernetics Core  
  23  1:38  Assimilator  
  23  1:40  Probe  
  24  1:53  Probe  
  25  2:04  Nexus  
  25  2:05  Probe  
  25  2:08  Stalker (Chrono Boost)  
  28  2:17  Probe, Warp Gate (Chrono Boost)  
  29  2:29  Probe  
  30  2:37  Pylon, Stalker  
  30  2:43  Gateway  
  31  2:55  Probe, Shield Battery  
  30  3:05  Robotics Facility  
  30  3:07  Probe  
  30  3:08  Sentry  
  33  3:19  Probe x2  
  35  3:21  Shield Battery  
  35  3:31  Probe  
  35  3:32  Probe  
  37  3:34  Stalker (Chrono Boost)  
  37  3:37  Stalker (Chrono Boost)  
  41  3:46  Phoenix  
  41  3:47  Probe  
  41  3:48  Probe  
  43  3:52  Pylon  
  43  3:53  Observer  
  44  3:59  Probe  
  44  4:00  Probe  
  46  4:09  Stalker  
  48  4:10  Stalker  
  48  4:11  Probe  
  48  4:12  Probe  
  56  4:24  Pylon  
  56  4:31  Assimilator  
  58  4:34  Stalker x2  
  57  4:43  Immortal (Chrono Boost)  
  57  4:44  Probe  
  49  4:52  Pylon  
  42  4:57  Stalker  
  42  5:04  Zealot  
  42  5:07  Probe x2  
  46  5:19  Probe, Warp Prism (Chrono Boost)  
  49  5:24  Stalker  
  51  5:30  Stalker  
  53  5:38  Gateway  
  43  5:52  Stalker  
  43  5:55  Immortal  
  45  6:03  Stalker  
  43  6:11  Probe x2  
  43  6:14  Shield Battery  
  43  6:15  Stalker  
  47  6:23  Probe  
  48  6:27  Stalker  
  50  6:34  Stalker  
  49  6:45  Stalker  
  51  6:50  Stalker  
  51  6:54  Shield Battery  
  51  7:00  Stalker  
  53  7:08  Zealot  
  53  7:12  Pylon  
  53  7:13  Pylon  
  53  7:14  Pylon  
  52  7:36  Stalker x2  
  47  7:46  Probe x2 (Chrono Boost)  
  42  7:58  Probe (Chrono Boost)  
  37  8:04  Probe (Chrono Boost), Immortal  
  41  8:06  Probe (Chrono Boost), Pylon  
  41  8:10  Probe (Chrono Boost)  
  41  8:12  Probe  
  44  8:22  Probe  
  44  8:26  Stalker  
  45  8:31  Probe  
  46  8:34  Probe  
  47  8:43  Probe  
  48  8:53  Adept  
  48  8:54  Adept x2  
Tags
 
Add a new tag
Caveats
  • Supply blocks, unpowered buildings, or Contaminate may cause inaccurate times.
  • Supply counts are checked every 10 seconds.